 Dungeon Crawl Stone Soup version 0.23.2-33-g5129a83184 (webtiles) character file.

Game seed: 7558791574803155607

140 DorianNounverber the Conjurer (level 5, -5/39 HPs)
             Began as a Draconian Conjurer on July 11, 2019.
             Killed from afar by Blork the orc (10 damage)
             ... with a puff of frost
             ... on level 4 of the Dungeon.
             The game lasted 00:14:56 (3415 turns).

DorianNounverber the Conjurer (Draconian Conjurer)  Turns: 3415, Time: 00:14:56

Health: -5/39      AC:  6    Str: 12    XL:     5   Next: 2%
Magic:  9/9        EV: 12    Int: 15    God:
Gold:   43         SH:  0    Dex: 11    Spells: 0/10 levels left

rFire    . . .     SeeInvis .   t - +0 spear
rCold    . . .     Gourm    .   (no shield)
rNeg     + . .     Faith    .   (armour unavailable)
rPois    .         Spirit   .   i - +1 hat
rElec    .         Reflect  .   (no cloak)
rCorr    .         Harm     .   (no gloves)
MR       .....                  (no boots)
Stlth    ++........             (no amulet)
HPRegen  0.13/turn              p - ring of positive energy
MPRegen  0.11/turn              (no ring)

@: no status effects
A: unfitting armour, cold-blooded, AC +5
a: no special abilities


You were on level 4 of the Dungeon.
You were not hungry.

You visited 1 branch of the dungeon, and saw 5 of its levels.

You collected 43 gold pieces.

Inventory:

Hand Weapons
 e - a +0 whip
 t - a +0 spear (weapon)
Missiles
 f - 152 stones (quivered)
 h - 4 javelins
 q - 2 silver tomahawks
Armour
 i - a +1 hat (worn)
Jewellery
 p - a ring of positive energy (left hand)
Scrolls
 d - 3 scrolls of identify {unknown}
 j - 4 scrolls of teleportation {unknown}
 k - 3 scrolls of remove curse {unknown}
 l - a scroll of fog {unknown}
 m - a scroll of noise {unknown}
 n - 2 scrolls of immolation {unknown}
 o - a scroll of fear {unknown}
Potions
 a - 2 potions of heal wounds {unknown}
 c - a potion of might {unknown}
 g - a potion of haste {unknown}
 r - a potion of resistance {unknown}
Comestibles
 b - 3 rations


   Skills:
 + Level 0.8 Fighting
 + Level 0.1 Polearms
 + Level 1.0 Throwing
 + Level 2.2 Dodging
 + Level 2.1 Stealth
 * Level 3.1 Spellcasting
 + Level 4.9 Conjurations


You couldn't memorise any spells.
You knew the following spells:

 Your Spells              Type           Power        Failure   Level  Hunger
a - Magic Dart            Conj           ###.         2%          1    #......
b - Searing Ray           Conj           ###...       3%          2    ##.....
c - Dazzling Spray        Conj/Hex       #.....       22%         3    ###....
d - Iskenderun's Mystic   Conj           ###.....     26%         4    #####..

Your spell library contained the following spells:

 Spells                   Type           Power        Failure   Level  Hunger
 Force Lance              Conj/Tloc      #.......     56%         4    #####..
 Fulminant Prism          Conj/Hex       #.........   56%         4    #####..


Dungeon Overview and Level Annotations

Branches:
Dungeon (5/15)
 Temple: D:4-7

Altars:
Cheibriados

Annotations:
D:4 Blork the orc


Innate Abilities, Weirdness & Mutations

Your plain brown scales are hard. (AC +5)
You cannot fit into any form of body armour.
You are cold-blooded and may be slowed by cold attacks.


Message History

Something hits you!
You blink.
You hear a distant slurping noise.
Something hits you but does no damage.
You blink.
A puff of frost appears from out of thin air!
The puff of frost misses you.
A puff of frost appears from out of thin air!
The puff of frost misses you.
A magic dart appears from out of thin air!
The magic dart hits you.
* * * LOW HITPOINT WARNING * * *
You hear some strange, mumbled words.
A puff of frost appears from out of thin air!
The puff of frost hits you.
* * * LOW HITPOINT WARNING * * *
Okay, then.
Okay, then.
You hear some strange, mumbled words.
A puff of frost appears from out of thin air!
The puff of frost hits you!
You die...

.........................
.......#...######.#......
....>..#...# #.# #####
.......#...# #.#......
.......##########.#......
.......'..........'......
.......##########.#......
....#### #..#.##### ....#
######@##.# ....#
#.........# #####
#.####.#### #?#....h.#
#.#.##.#.# #.#..†.#h#
#.#....#.# #...#.##.#
#.#.#.##.#


You could see a hound.

Vanquished Creatures
  3 gnolls (D:2)
  4 adders (D:2)
  An ooze (D:1)
  A worm (D:2)
  A dart slug (D:1)
  2 leopard geckos (D:1)
  6 giant cockroaches
  5 goblins
  10 hobgoblins
  2 jackals (D:1)
  9 kobolds
  A ball python (D:1)
  8 bats
  3 frilled lizards
  8 rats
64 creatures vanquished.

Notes
Turn   | Place    | Note
-------+----------+-------------------------------------------
     0 | D:1      | DorianNounverber the Draconian Conjurer began the quest for
                  | the Orb.
     0 | D:1      | Reached XP level 1. HP: 14/14 MP: 3/3
   487 | D:1      | Reached XP level 2. HP: 22/22 MP: 5/5
   492 | D:1      | Learned a level 2 spell: Searing Ray
  1033 | D:1      | Reached XP level 3. HP: 26/27 MP: 3/6
  1295 | D:1      | Learned a level 3 spell: Dazzling Spray
  2009 | D:2      | Reached XP level 4. HP: 34/34 MP: 0/7
  2704 | D:2      | Reached skill level 1 in Throwing
  2883 | D:2      | Found a snail-covered altar of Cheibriados.
  3017 | D:2      | Reached XP level 5. HP: 39/39 MP: 3/9
  3024 | D:2      | Learned a level 4 spell: Iskenderun's Mystic Blast
  3297 | D:3      | You fall through a shaft for 2 floors!
  3297 | D:5      | Entered Level 5 of the Dungeon
  3298 | D:5      | Noticed an ogre
  3358 | D:4      | Noticed a centaur
  3371 | D:4      | Noticed Blork the orc
  3415 | D:4      | Killed from afar by Blork the orc

Skill      XL: |  1  2  3  4 |
---------------+-------------+-----
Dodging        | 2 |  2.2
Stealth        | 2 |  2.1
Spellcasting   | 3 |  3.1
Throwing       | 1 |  1.0
Fighting       | |  0.8
Polearms       | |  0.1
Conjurations   | |  4.9

Action                   |  1- 3 |  4- 6 || total
-------------------------+-------+-------++-------
Melee: Unarmed           |    14 |       ||    14
       Whip              |    70 |    42 ||   112
       Tailslap          |     8 |     3 ||    11
       Spear             |       |    15 ||    15
Throw: Stone             |    50 |    30 ||    80
 Cast: Magic Dart        |    54 |    24 ||    78
       Searing Ray       |       |     3 ||     3
       Dazzling Spray    |       |     2 ||     2
 Stab: Sleeping          |       |     1 ||     1
  Eat: Chunk             |     2 |     3 ||     5
       Ration            |     1 |     1 ||     2
Armor: Skin              |    29 |    27 ||    56
Dodge: Dodged            |    66 |    58 ||   124
